 Dungeon Crawl Stone Soup version 0.13-a0-1660-ga2b9f94 (webtiles) character file.

239 M4edhros the Sneak (level 4, -1/29 HPs)
             Began as an Octopode Artificer on June 18, 2013.
             Slain by an orc priest
             ... wielding a +1,+3 orcish war axe
              (9 damage)
             ... on Level 3 of the Dungeon.
             The game lasted 00:01:56 (2041 turns).

M4edhros the Sneak (Octopode Artificer)             Turns: 2041, Time: 00:01:56

HP  -1/29        AC  2     Str 10      XL: 4   Next: 67%
MP   6/6         EV 13     Int 15      God:
Gold 143         SH  0     Dex 12      Spells:  0 memorised,  3 levels left

Res.Fire  : + . .   See Invis. : +   a - +0 short sword
Res.Cold  : . . .   Warding    : .   (no shield)
Life Prot.: . . .   Conserve   : .   (helmet restricted)
Res.Poison: .       Res.Corr.  : .   (no amulet)
Res.Elec. : .       Clarity    : .   j - ring of see invisible {unknown}
Sust.Abil.: . .     Spirit.Shd : .   s - ring of protection from fire {unknown}
Res.Mut.  : .       Stasis     : .   t - +1 ring of protection
Res.Rott. : .       Flight     : .   (no ring)
Saprovore : . . .                    (no ring)
                                     (no ring)
                                     (no ring)
                                     (no ring)

@: slightly resistant to hostile enchantments, quite stealthy
A: almost no armour, amphibious, 8 rings, constrict 8, camouflage 1, AC +1
a: no special abilities


You were on level 3 of the Dungeon.
You were not hungry.

You visited 1 branch of the dungeon, and saw 3 of its levels.

You collected 123 gold pieces.

Inventory:

Hand weapons
 a - a +0,+0 short sword (weapon)
Missiles
 n - 6 javelins (quivered)
Magical devices
 b - a wand of flame (15)
 c - a wand of enslavement (14)
 d - a wand of random effects (15)
Comestibles
 q - a bread ration
Scrolls
 e - a scroll of enchant weapon II {unknown}
 f - 2 scrolls of enchant weapon I {unknown}
 h - a scroll of curse weapon {unknown}
 i - 2 scrolls of remove curse {unknown}
 k - 3 scrolls of teleportation {unknown}
 p - a scroll of identify {unknown}
 r - a scroll of fog {unknown}
Jewellery
 j - a ring of see invisible (left tentacle) {unknown}
 s - a ring of protection from fire (right tentacle) {unknown}
 t - a +1 ring of protection (on tentacle)
Potions
 g - a potion of paralysis {unknown}
 l - a potion of curing {unknown}
 m - a potion of poison {unknown}
 o - a potion of speed {unknown}
 u - a potion of brilliance {unknown}


   Skills:
 - Level 1.0 Fighting
 - Level 1.0 Short Blades
 + Level 3.5 Dodging
 + Level 4.5 Stealth
 - Level 2.1 Traps
 - Level 3.2 Evocations


You had 3 spell levels left.
You didn't know any spells.

Dungeon Overview and Level Annotations

Branches:
Dungeon (3/27)

Altars:


Innate Abilities, Weirdness & Mutations

You cannot wear most types of armour.
You are amphibious.
You can wear up to eight rings at the same time.
You can use your tentacles to constrict many enemies at once.
Your skin changes colour to match your surroundings (Stlth).
Your rubbery body absorbs attacks (AC +1).


Message History

Your squeeze misses the orc priest.
The orc priest is lightly wounded.
The orc priest calls down the wrath of Beogh upon you.
Pain shoots through your body!
You closely miss the orc priest. You grab the orc priest.
The orc priest is lightly wounded.
You constrict the orc priest.
The orc priest hits you with an orcish war axe.
You hit the orc priest but do no damage.
The orc priest is lightly wounded.
You constrict the orc priest.
The orc priest hits you with an orcish war axe!
* * * LOW HITPOINT WARNING * * *
Drink which item? (? for menu, Esc to quit)
Okay, then.
You hit the orc priest.
The orc priest is moderately wounded.
You constrict the orc priest.
The orc priest hits you with an orcish war axe!
You die...

#......# #.#.#
#......###...#
#...)....#...#
#..%).#...# #
#>..<.#..###.#....
###.................
.......................
.####.....#..####....
#..####@.####.... #..
#o)#.....## #..##
#..#..%..#
#.....#..#.....#
#........)## #
#..........# .#
#.###......##..#
####......<# #.#.....#


You could see an orc priest.

Vanquished Creatures
  Terence (D:2)
  3 adders (D:2)
  An ooze (D:2)
  An orc (D:3)
  3 ball pythons
  A bat (D:1)
  5 giant cockroaches
  3 goblins (D:1)
  4 hobgoblins
  4 giant geckos
  A giant newt (D:2)
  4 kobolds (D:1)
  8 rats
39 creatures vanquished.

Vanquished Creatures (collateral kills)
  An orc wizard (D:3)
  2 orcs (D:3)
  A kobold (D:3)
  A giant newt (D:3)
5 creatures vanquished.

Vanquished Creatures (others)
  A jackal (D:3)
1 creature vanquished.

Grand Total: 45 creatures vanquished

Notes
Turn   | Place    | Note
--------------------------------------------------------------
     0 | D:1      | M4edhros, the Octopode Artificer, began the quest for the Orb.
     0 | D:1      | Reached XP level 1. HP: 14/14 MP: 1/1
   373 | D:1      | Reached XP level 2. HP: 19/19 MP: 3/3
  1091 | D:2      | Reached XP level 3. HP: 15/24 MP: 4/4
  1693 | D:2      | Noticed Terence
  1713 | D:2      | Killed Terence
  1713 | D:2      | Reached skill level 4 in Stealth
  1713 | D:2      | Reached XP level 4. HP: 16/29 MP: 6/6
  2041 | D:3      | Slain by an orc priest

Action                   |  1- 3 |  4- 6 || total
-------------------------+-------+-------++-------
Melee: Short sword       |    78 |    25 ||   103
Throw: Javelin           |     4 |       ||     4
Evoke: Wand              |       |     1 ||     1
 Stab: Sleeping          |     8 |     2 ||    10
